 Dungeon Crawl Stone Soup version 0.21.1-1-g345015f (webtiles) character file.

15255 nightchill the Cleaver (level 12, -9/99 HPs)
             Began as a Formicid Fighter on Mar 27, 2018.
             Was a Priest of Ru.
             Mangled by a catoblepas (13 damage)
             ... on level 3 of the Lair of Beasts.
             The game lasted 00:41:10 (13356 turns).

nightchill the Cleaver (Formicid Fighter)          Turns: 13356, Time: 00:41:11

Health: -9/99      AC: 17    Str: 27    XL:     12   Next: 55%
Magic:  12/12      EV:  2    Int:  7    God:    Ru [***...]
Gold:   710        SH:  0    Dex: 10    Spells: 11/11 levels left

rFire    . . .     SeeInvis +   a - +1 war axe
rCold    . . .     Gourm    .   c - +1 shield
rNeg     + + +     Faith    .   E - +0 plate armour
rPois    ∞         Spirit   .   (helmet unavailable)
rElec    .         Reflect  .   (no cloak)
rCorr    .         Harm     .   p - +2 pair of gloves
MR       +....                  (no boots)
Stlth    ..........             (no amulet)
HPRegen  0.26/turn              o - +4 ring of evasion
MPRegen  0.13/turn              q - ring of flight

@: exhausted, petrified, no scrolls, drained
A: permanent stasis, dig shafts and tunnels, four strong arms, antennae 3,
inability to read while threatened, hated by all
a: Dig, Shaft Self, Draw Out Power, Renounce Religion, Evoke Flight


You were on level 3 of the Lair of Beasts.
You worshipped Ru.
Ru was most pleased with you.
You were hungry.

You visited 3 branches of the dungeon, and saw 15 of its levels.

You collected 710 gold pieces.

Inventory:

Hand Weapons
 a - a +1 war axe (weapon)
 B - a +2 mace of protection
 G - a +1 whip of flaming
Missiles
 h - 4 curare-tipped needles
 i - 224 stones
 y - 6 tomahawks (quivered)
Armour
 b - a +0 scale mail
 c - a +1 shield (worn)
 j - a +2 scale mail of cold resistance
 p - a +2 pair of gloves (worn)
 E - a +0 plate armour (worn)
Jewellery
 o - a +4 ring of evasion (left hand)
 q - a ring of flight (right hand)
Wands
 d - a wand of random effects (41)
 F - a wand of polymorph (22)
 I - a wand of iceblast (5)
Scrolls
 e - 2 scrolls of enchant armour
 g - 6 scrolls of remove curse
 s - a scroll of holy word
 t - 3 scrolls of identify
 v - a scroll of amnesia
 w - a scroll of enchant weapon
 x - 2 scrolls of teleportation
 A - 3 scrolls of magic mapping
 C - a scroll of summoning
Potions
 k - 3 potions of mutation {unknown}
 l - 2 potions of resistance
 m - a potion of invisibility {unknown}
 n - 3 potions of curing
 r - 3 potions of brilliance
 u - 3 potions of agility {unknown}
 z - a potion of berserk rage {unknown}
 D - 3 potions of haste {unknown}
 J - 2 potions of heal wounds
 K - a potion of flight {unknown}
 L - a potion of ambrosia {unknown}
 N - a potion of degeneration {unknown}
 P - a potion of cancellation {unknown}
Books
 H - a book of Geomancy

   Spells                             Type                      Level
   a - Sandblast                      Earth                        1
   b - Passwall                       Transmutation/Earth          2
   c - Stone Arrow                    Conjuration/Earth            3
   d - Petrify                        Transmutation/Earth          4
   e - Lee's Rapid Deconstruction     Earth                        5
Comestibles
 f - 18 rations
 M - 3 chunks of flesh


   Skills:
 + Level 10.9(10.5) Fighting
 + Level 12.9(12.5) Axes
 + Level 9.2(8.8) Armour
 + Level 2.5(2.2) Dodging
 - Level 9.4(9.0) Shields


You had 11 spell levels left.
You didn't know any spells.

Dungeon Overview and Level Annotations

Branches:
Dungeon (11/15)            Temple (1/1) D:7            Lair (3/6) D:9
  Swamp (0/4) Lair:2
  Snake: Lair:2-4    Spider: Lair:2-4       Orc: D:9-12

Altars:
Ashenzari
Fedhas
Gozag
Makhleb
Nemelex Xobeh
Okawaru
Qazlal
Ru
Sif Muna
Trog
Wu Jian
Xom
Yredelemnul
Zin
The Shining One

Shops:
D:4 }

Annotations:
D:2 exclusion: downstairs
D:4 exclusion: upstairs
D:8 Prince Ribbit
Lair:2 1 exclusion


Innate Abilities, Weirdness & Mutations

You cannot be hasted, slowed, berserked, paralysed or teleported.
You can dig through walls and to a lower floor.
Your four strong arms can wield two-handed weapons with a shield.
You have a pair of large antennae on your head. (SInv)
You cannot read scrolls while threatened.
You are hated by all.


Message History

The blast of calcifying dust hits you!
You slash the catoblepas!
The catoblepas is severely wounded.
You are engulfed in calcifying dust.
Your limbs have turned to stone.
You redirect the catoblepas's attack!
The catoblepas gores you!
* * * LOW HITPOINT WARNING * * *
The catoblepas gores you but does no damage.
You have turned to stone.
You are engulfed in calcifying dust.
The catoblepas gores you!
* * * LOW HITPOINT WARNING * * *
You are engulfed in calcifying dust.
The catoblepas gores you!
* * * LOW HITPOINT WARNING * * *
The catoblepas gores you!
* * * LOW HITPOINT WARNING * * *
The catoblepas breathes a plume of calcifying dust at you.
The blast of calcifying dust hits you!
* * * LOW HITPOINT WARNING * * *
You are engulfed in calcifying dust.
The catoblepas gores you!!
You die...

#.. ....P #.. ....P
...#...P P
#.#...PPPYP
##....#P.h{
#..#....P #...#Y#
######..§.##
#@#.#.§§..### ..
##Y#§§......# ...
###.......## ...
#......## ...#
##......####....
#..............P
########..........P.
#.#.###....#........
##.#......#.#.......


You could see a catoblepas.

Vanquished Creatures
  A hydra (Lair:2)
  Erica (Lair:1)
  2 two-headed ogres
  The ghost of Pad the Transmogrifier, a novice MfTm of Cheibriados (D:8)
  Pikel (D:7)
  A manticore (D:11)
  A cyclops (D:10)
  A black mamba (Lair:2)
  3 spiny frogs
  Joseph (Lair:1)
  The ghost of Shinoi the Cudgeler, a novice DsAK of Lugonu (D:4)
  A komodo dragon (Lair:2)
  A troll (D:10)
  5 hippogriffs
  Sigmund (D:2)
  A vampire (D:10)
  8 yaks
  A wyvern (D:11)
  A basilisk (Lair:2)
  A hungry ghost (D:9)
  Menkaure (D:7)
  5 water moccasins
  A slave (D:7)
  5 porcupines
  An orc warrior (D:8)
  2 sky beasts
  3 ice beasts
  3 necrophages
  A swamp drake (Lair:2)
  5 black bears
  The ghost of corax the Sneak, an amateur GnAs (D:3)
  A phantom (D:10)
  An ogre (D:9)
  4 wolves (Lair:3)
  3 centaurs
  6 crocodiles
  2 big kobolds
  4 bullfrogs
  A water moccasin zombie (D:7)
  3 scorpions
  3 wights (D:6)
  2 howler monkeys
  A bullfrog zombie (D:8)
  5 crimson imps
  3 orc priests
  5 hounds
  5 jellies
  3 centaur skeletons
  5 orc wizards
  3 iguanas
  7 worker ants
  2 killer bee zombies
  2 hound skeletons
  Robin (D:2)
  4 gnolls (D:10)
  8 adders
  4 shadow imps
  An ooze (D:6)
  3 adder skeletons
  A worm (D:2)
  3 dart slugs (D:1)
  5 leopard geckos
  34 orcs
  A ball python (D:1)
  11 bats
  8 giant cockroaches
  9 goblins
  14 hobgoblins
  22 jackals
  5 quokkas
  8 frilled lizards
  11 kobolds
  14 rats
  A fungus (Lair:2)
  A plant (D:9)
302 creatures vanquished.

Vanquished Creatures (others)
  An iguana (Lair:2)
  3 bushes (Lair:3)
  25 fungi (D:9)
  3 plants (D:9)
32 creatures vanquished.

Grand Total: 334 creatures vanquished

Notes
Turn   | Place    | Note
-------+----------+-------------------------------------------
     0 | D:1      | nightchill the Formicid Fighter began the quest for the Orb.
     0 | D:1      | Reached XP level 1. HP: 18/18 MP: 1/1
    80 | D:1      | Reached XP level 2. HP: 21/24 MP: 2/2
   236 | D:1      | Reached XP level 3. HP: 25/30 MP: 3/3
   278 | D:1      | Reached skill level 3 in Axes
   724 | D:2      | Noticed Sigmund
   744 | D:2      | Killed Sigmund
   744 | D:2      | Reached skill level 4 in Axes
   744 | D:2      | Reached XP level 4. HP: 21/38 MP: 4/4
   744 | D:2      | Reached XP level 5. HP: 24/43 MP: 5/5
   744 | D:2      | Reached XP level 6. HP: 27/49 MP: 6/6
   891 | D:2      | Noticed Robin
   908 | D:2      | Killed Robin
   908 | D:2      | Reached skill level 5 in Axes
  1061 | D:2      | Found an opulent altar of Gozag.
  1965 | D:3      | Noticed corax's ghost (amateur GnAs)
  1966 | D:3      | Reached skill level 5 in Fighting
  1967 | D:3      | Noticed a phantom
  2167 | D:3      | Killed corax's ghost
  2167 | D:3      | Reached XP level 7. HP: 44/56 MP: 7/7
  2306 | D:3      | Found a basalt altar of Yredelemnul.
  2705 | D:4      | Noticed Shinoi's ghost (novice DsAK)
  2736 | D:4      | Killed Shinoi's ghost
  2736 | D:4      | Reached skill level 6 in Axes
  2903 | D:4      | Reached skill level 7 in Axes
  2903 | D:4      | Reached XP level 8. HP: 61/64 MP: 8/8
  2932 | D:4      | Found a sparkling altar of Nemelex Xobeh.
  2932 | D:4      | Found an ornate altar of the Wu Jian Council.
  2933 | D:4      | Found an iron altar of Okawaru.
  2933 | D:4      | Found a stormy altar of Qazlal.
  2935 | D:4      | Found a shimmering altar of Xom.
  2935 | D:4      | Found a deep blue altar of Sif Muna.
  3333 | D:4      | Found Quutu's Gadget Shoppe.
  3593 | D:5      | Entered Level 5 of the Dungeon
  4013 | D:5      | Reached skill level 8 in Axes
  4548 | D:6      | Found a bloodstained altar of Trog.
  4752 | D:6      | Found a bloodstained altar of Trog.
  4758 | D:6      | Reached XP level 9. HP: 60/72 MP: 9/9
  4906 | D:6      | Reached skill level 9 in Axes
  5071 | D:6      | Reached skill level 5 in Shields
  6120 | D:7      | Reached skill level 5 in Armour
  6134 | D:7      | Found a staircase to the Ecumenical Temple.
  6160 | Temple   | Entered the Ecumenical Temple
  6203 | Temple   | Became a worshipper of Ru the Awakened
  6327 | D:7      | Noticed Menkaure
  6330 | D:7      | Killed Menkaure
  6337 | D:7      | Noticed Pikel
  6346 | D:7      | Killed Pikel
  6346 | D:7      | Reached skill level 10 in Axes
  6346 | D:7      | Reached XP level 10. HP: 81/81 MP: 10/10
  6479 | D:7      | Found a burning altar of Makhleb.
  6625 | D:7      | Found an iron altar of Okawaru.
  7027 | D:8      | Found a shattered altar of Ashenzari.
  7303 | D:8      | Noticed Prince Ribbit
  7308 | D:8      | Noticed Pad's ghost (novice MfTm)
  7364 | D:8      | Killed Pad's ghost
  7760 | D:8      | Gained mutation: You are hated by all. [Ru sacrifice]
  7760 | D:8      | Reached * piety under Ru
  8449 | D:9      | Noticed a two-headed ogre
  8460 | D:9      | Killed a two-headed ogre
  8460 | D:9      | Reached skill level 11 in Axes
  8663 | D:9      | Found a glowing silver altar of Zin.
  8742 | D:9      | Reached XP level 11. HP: 79/89 MP: 11/11
  8875 | D:9      | Found a staircase to the Lair.
  9394 | D:10     | Entered Level 10 of the Dungeon
  9394 | D:10     | Noticed a two-headed ogre
  9402 | D:10     | Killed a two-headed ogre
  9612 | D:10     | Noticed a cyclops
  9638 | D:10     | Killed a cyclops
  9752 | D:10     | Reached skill level 12 in Axes
  9861 | D:10     | Reached skill level 10 in Fighting
 10122 | D:11     | Noticed a manticore
 10133 | D:11     | Killed a manticore
 10399 | Lair:1   | Entered Level 1 of the Lair of Beasts
 10606 | Lair:1   | Reached XP level 12. HP: 64/97 MP: 12/12
 10927 | Lair:1   | Gained mutation: You cannot read scrolls while threatened. [Ru sacrifice]
 10927 | Lair:1   | Reached ** piety under Ru
 10927 | Lair:1   | Reached *** piety under Ru
 11117 | Lair:1   | Noticed Erica
 11142 | Lair:1   | Killed Erica
 11169 | Lair:1   | Noticed Joseph
 11177 | Lair:1   | Killed Joseph
 12125 | Lair:2   | Reached skill level 1 in Dodging
 12322 | Lair:2   | Noticed a seven-headed hydra
 12337 | Lair:2   | Killed a seven-headed hydra
 12644 | Lair:2   | Found a staircase to the Swamp.
 13268 | Lair:3   | Noticed a catoblepas
 13355 | Lair:3   | HP: 4/99 [catoblepas/blast of calcifying dust (3)]
 13356 | Lair:3   | Mangled by a catoblepas

Skill      XL: |  1  2  3  4  5  6  7  8  9 10 11 12 |
---------------+-------------------------------------+-----
Axes           | 4 5 7 8 10 11 12 | 12.9
Fighting       | 4 5 6 7 8 9 10 | 10.9
Shields        | 4 6 7 9 |  9.4
Armour         | 5 6 8 9 |  9.2
Dodging        | 2 |  2.5

Action                   |  1- 3 |  4- 6 |  7- 9 | 10-12 || total
-------------------------+-------+-------+-------+-------++-------
Melee: War axe           |   102 |   140 |   372 |   654 ||  1268
       Whip              |       |       |       |     8 ||     8
Throw: Stone             |       |       |     2 |       ||     2
       Tomahawk          |       |       |       |     1 ||     1
Invok: Sacrifice Love    |       |       |       |     1 ||     1
       Draw Out Power    |       |       |       |     2 ||     2
       Sacrifice Words   |       |       |       |     1 ||     1
 Abil: Dig               |     1 |       |     1 |     7 ||     9
  Use: Potion            |     1 |       |     2 |     4 ||     7
       Scroll            |       |       |     6 |     9 ||    15
 Stab: Petrified         |       |       |       |     8 ||     8
       Invisible         |       |       |       |     3 ||     3
       Petrifying        |       |       |       |     1 ||     1
  Eat: Chunk             |       |     4 |    11 |    24 ||    39
       Ration            |       |       |     1 |       ||     1
Armor: Scale mail        |    47 |    68 |   159 |       ||   274
       Plate armour      |       |       |     2 |   208 ||   210
Dodge: Dodged            |    34 |    46 |   104 |   180 ||   364
Block: Shield            |    45 |    78 |   185 |   323 ||   631
